 Dungeon Crawl Stone Soup version 0.17-a0-1046-ga09e34d (webtiles) character file.

73 RobertPalmer the Slasher (level 4, -21/42 HPs)
             Began as a Naga Chaos Knight on May 15, 2015.
             Demolished by a moth of wrath (23 damage)
             ... on level 2 of the Dungeon.
             The game lasted 00:02:50 (2104 turns).

RobertPalmer the Slasher (Naga Chaos Knight)        Turns: 2104, Time: 00:02:50

Health: -21/42     AC:  5    Str: 15    XL:     4   Next: 27%
Magic:  4/4        EV:  9    Int: 12    God:    Xom [*.....]
Gold:   35         SH:  0    Dex: 11    Spells: 0 memorised, 3 levels left

rFire  . . .     SeeInvis +     a - +0 falchion (chaos)
rCold  . . .     Clarity  .     b - +2 leather armour
rNeg   . . .     SustAb   .     (no shield)
rPois  +         Gourm    .     (no helmet)
rElec  .         Spirit   .     (no cloak)
rCorr  .         Warding  .     (no gloves)
rMut   .         Stasis   .     (no barding)
MR     .....                    (no amulet)
Stlth  +.........               (no ring)
                                (no ring)

@: very slow, not resistant to hostile enchantments, very unstealthy
A: see invisible, deformed body, poison resistance, slowness 2, slow metabolism
1, spit poison 2, AC +1
a: Spit Poison, Renounce Religion


You were on level 2 of the Dungeon.
You worshipped Xom.
You were a special plaything of Xom.
You were not hungry.

You visited 1 branch of the dungeon, and saw 2 of its levels.

You collected 35 gold pieces.

Inventory:

Hand weapons
 a - a +0 falchion of chaos (weapon)
Armour
 b - a +2 leather armour (worn)
Scrolls
 e - a scroll of recharging
Potions
 f - a potion of curing {unknown}
 g - a potion of beneficial mutation {unknown}
 j - a potion of brilliance {unknown}
 k - a potion of poison
Comestibles
 c - 2 bread rations {@e1}
 h - 2 meat rations {@e2}
 l - a beef jerky
 n - 2 chunks of flesh {@w0}


   Skills:
 - Level 3.0 Fighting
 + Level 5.0 Long Blades
 - Level 1.5 Armour
 - Level 0.7 Dodging


You had 3 spell levels left.
You didn't know any spells.

Dungeon Overview and Level Annotations

Branches:
Dungeon (2/15)

Altars:
Okawaru
Trog


Innate Abilities, Weirdness & Mutations

You cannot wear boots.
Your serpentine skin is tough (AC +1).
You have supernaturally acute eyesight.
Armour fits poorly on your strangely shaped body.
Your system is resistant to poisons.
You cover ground very slowly.
You have a slow metabolism.
You can spit poison.


Message History

n - 2 chunks of flesh {@w0}
There is an open door here. "Serve the mortal, my child!"
You are now a toy of Xom.
The rat completely misses your ufetubus.
The moth of wrath goads the rat on!
The rat goes berserk!
Xom is highly amused!
Unknown command.
Xom grants you insight.
You detect creatures!
You are now a special plaything of Xom.
The rat bites your ufetubus but does no damage.
Your ufetubus completely misses the rat.
Your ufetubus hits the rat.
The rat dies!
Unknown command.
Unknown command.
Xom decides to shift things around a little.
The moth of wrath blinks!
You swap places.
You swap places.
Something misses your ufetubus.
You see here a hand axe.
What do you say? t - Shout!
Orders for allies: a - Attack new target. r - Retreat! s - Stop attacking. w - Wait here. f - Follow me.
Anything else - Stay silent.
Gang up on whom?
Aim: a moth of wrath Attack!
Your ufetubus hits the moth of wrath.
Your ufetubus hits the moth of wrath. x3
Your iron imp barely misses the moth of wrath.
Your ufetubus barely misses the moth of wrath.
Your ufetubus closely misses the moth of wrath.
The moth of wrath bites your iron imp!!
Your iron imp dies!
Your ufetubus closely misses the moth of wrath.
Your ufetubus hits the moth of wrath.
Health restored: 42
Here: a moth of wrath (moderately wounded)
An open door.
Read which item? (? for menu, Esc to quit)
As you read the scroll labeled KINNOK QUSIRCHI, it crumbles to dust.
It is a scroll of identify.
Identify which item? (\ to view known items) (? for menu, Esc to quit)
e - a scroll of recharging The moth of wrath barely misses your shadow imp.
Your ufetubus barely misses the moth of wrath.
Your ufetubus hits the moth of wrath.
Your shadow imp closely misses the moth of wrath.
The moth of wrath barely misses your shadow imp.
Read which item? (? for menu, Esc to quit)
As you read the scroll labeled IKKEQO MORHI, it crumbles to dust.
You feel blessed for a moment.
It was a scroll of remove curse.
Your ufetubus closely misses the moth of wrath. x2
Your shadow imp barely misses the moth of wrath.
Your ufetubus hits the moth of wrath. x2
The moth of wrath bites your shadow imp!!
Your shadow imp dies!
Read which item? (? for menu, Esc to quit)
As you read the scroll labeled VINTIN FOAL, it crumbles to dust.
The dust glows bright black!
It was a scroll of random uselessness.
Your ufetubus hits the moth of wrath. x2
The moth of wrath bites your ufetubus.
Here: a moth of wrath (heavily wounded)
An open door.
Unknown command.
You aren't carrying any items that can be evoked.
Unknown command.
Drink which item? (? for menu, Esc to quit)
It was a potion of poison.
You feel slightly nauseous.
Your ufetubus hits the moth of wrath.
Your ufetubus closely misses the moth of wrath.
The moth of wrath completely misses your ufetubus.
Your ufetubus closely misses the moth of wrath.
Your ufetubus barely misses the moth of wrath.
Your ufetubus hits the moth of wrath.
Your ufetubus closely misses the moth of wrath.
The moth of wrath barely misses your ufetubus.
Your ufetubus hits the moth of wrath.
Your ufetubus closely misses the moth of wrath.
The moth of wrath bites your ufetubus!!
Your ufetubus dies!
The moth of wrath's fur bristles in rage as it notices you.
You hit the moth of wrath. You burn the moth of wrath.
The moth of wrath bites you but does no damage.
You hit the moth of wrath.
The moth of wrath is poisoned.
The moth of wrath bites you!!
You take 18 damage, and have 24/42 hp.
MASSIVE DAMAGE!!
You barely miss the moth of wrath. The moth of wrath bites you!!
Ouch! That really hurt!
* * * LOW HITPOINT WARNING * * *
A shower of butterflies erupts from you!
The moth of wrath bites you!!
Ouch! That really hurt!
You die...
Xom snickers!

♣♣♣P###########...≈≈..≈P≈P≈≈≈PP≈≈
#♣...........##........♣♣≈P≈≈♣♣♣♣
.......########....###..♣♣♣♣♣≈♣≈≈
......###....####'## ##..P♣♣.....
#....##.......###.# ##...b.###.
#...##.).......##.# ####### ##
#...# )...#....##.# ....#
)..###..b##b# #...# ._.#.#..by@b#
###+# ...###..b##b# ....#....##.#
.........##.# #)......###.#
###....## #.# ##### #.# #.# #.#


You could see a moth of wrath.

Vanquished Creatures
  An adder (D:2)
  A river rat (D:2)
  4 worms (D:2)
  5 giant geckos
  4 goblins
  2 hobgoblins (D:1)
  3 jackals (D:1)
  6 kobolds
  6 bats
  3 giant newts (D:2)
  7 rats
42 creatures vanquished.

Vanquished Creatures (collateral kills)
  2 rats (D:2)
2 creatures vanquished.

Vanquished Creatures (others)
  An iron imp (D:2)
  A shadow imp (D:2)
  An ufetubus (D:2)
3 creatures vanquished.

Grand Total: 47 creatures vanquished

Notes
Turn   | Place    | Note
--------------------------------------------------------------
     0 | D:1      | RobertPalmer the Naga Chaos Knight began the quest for the Orb.
     0 | D:1      | Reached XP level 1. HP: 21/21 MP: 1/1
    96 | D:1      | XOM: silly message
   103 | D:1      | Reached XP level 2. HP: 9/28 MP: 2/2
   453 | D:1      | Reached skill level 4 in Long Blades
   565 | D:1      | Reached XP level 3. HP: 30/34 MP: 3/3
  1277 | D:2      | XOM: harmless Hex miscast
  1390 | D:2      | Reached XP level 4. HP: 34/42 MP: 4/4
  1582 | D:2      | Found an iron altar of Okawaru.
  2011 | D:2      | Noticed a moth of wrath
  2017 | D:2      | XOM: summons friendly iron imp
  2026 | D:2      | XOM: summons friendly shadow imp
  2031 | D:2      | Found a bloodstained altar of Trog.
  2051 | D:2      | Reached skill level 5 in Long Blades
  2054 | D:2      | XOM: enchant monster (good)
  2079 | D:2      | XOM: summons friendly ufetubus
  2081 | D:2      | XOM: divination: detect creatures
  2092 | D:2      | XOM: blink monster(s)
  2104 | D:2      | HP: 2/42 [moth of wrath (22)]
  2104 | D:2      | XOM: butterfly on damage
  2104 | D:2      | Demolished by a moth of wrath

Vault maps used:
D:1:      minmay_arrival_semitransparent
D:2:      lemuel_coloured_pillars_altar, tgw_trog, serial_bayou,
          serial_bayou_lagoon_b, serial_bayou_lake_a, serial_bayou_crossing,
          serial_bayou_pond_a

Action                   |  1- 3 |  4- 6 || total
-------------------------+-------+-------++-------
Melee: Falchion          |   117 |    30 ||   147
  Use: Scroll            |       |     3 ||     3
       Potion            |       |     1 ||     1
 Stab: Paralysed         |     1 |       ||     1
       Petrified         |     1 |       ||     1
  Eat: Chunk             |     1 |     2 ||     3

Vault maps used:
D:1:      minmay_arrival_semitransparent
D:2:      lemuel_coloured_pillars_altar, tgw_trog, serial_bayou,
          serial_bayou_lagoon_b, serial_bayou_lake_a, serial_bayou_crossing,
          serial_bayou_pond_a

Table legend:
 A = Turns spent in this place as a percentage of turns spent in the entire game.
 B = Non-inter-level travel turns spent in this place as a percentage of non-inter-level travel turns spent in the entire game.
 C = Inter-level travel turns spent in this place as a percentage of turns spent in this place.
 D = Turns resting spent in this place as a percentage of non-inter-level travel turns spent in this place.
 E = Turns spent auto-exploring this place as a percentage of non-inter-level travel turns spent in this place.
 F = Non-inter-level travel turns spent in this place divided by the number of levels of this place that you've seen.
                   A       B       C       D       E      F
               +-------+-------+-------+-------+-------+----------------------
         Total | 100.0 | 100.0 |   0.2 |   1.5 |  11.3 | 270.0
       Dungeon | 100.0 | 100.0 |   0.2 |   1.5 |  11.3 | 270.0
               +-------+-------+-------+-------+-------+----------------------

Table legend:
 A = Kills in this place as a percentage of kills in entire the game.
 B = Kills by you in this place as a percentage of kills by you in the entire game.
 C = Kills by friends in this place as a percentage of kills by friends in the entire game.
 D = Other kills in this place as a percentage of other kills in the entire game.
 E = Experience gained in this place as a percentage of experience gained in the entire game.
 F = Experience gained in this place divided by the number of levels of this place that you have seen.
                   A       B       C       D       E      F
               +-------+-------+-------+-------+-------+----------------------
         Total | 100.0 | 100.0 | 100.0 |  -nan | 100.0 |  52.5
       Dungeon | 100.0 | 100.0 | 100.0 |  -nan | 100.0 |  52.5
               +-------+-------+-------+-------+-------+----------------------
